NWL (28 & UNDER)
CULVER CITY EXTRAS @ BISMARK BORDER GUARDS
07/15/2028
 
TOP OF THE 1ST
Culver City Extras batting - Pitching for Bismark Border Guards : RHP Miguel Valenzuela
Pitching: RHP Miguel Valenzuela
Batting: RHB Augusto Trevino 0-0: Called Strike
0-1: Foul Ball, location: 2F
0-2: Ball
1-2: Ball
2-2: Ball
3-2: SINGLE (Flyball, 89S)
Batting: RHB Horace Johnson 0-0: Called Strike
Augusto Trevino steals 2nd base
0-1: Fly out, F9 (Flyball, 9S)
Batting: SHB Juan Carlos Mesa 0-0: Called Strike
0-1: Called Strike
0-2: Foul Ball, location: 2F
0-2: Ball
1-2: Strikes out swinging
Batting: LHB Randy Wiggins 0-0: Foul Ball, location: 2F
0-1: SINGLE (Line Drive, 34D)
Augusto Trevino to third
Runner from 3rd tries for Home, SAFE, no throw
Batting: LHB Collin Smith 0-0: Ball
1-0: Fly out, F7 (Flyball, 7)
Top of the 1st over - 1 run(s), 2 hit(s), 0 error(s), 1 left on base; Culver City 1 - Bismark 0
BOTTOM OF THE 1ST
Bismark Border Guards batting - Pitching for Culver City Extras : LHP Sebastián Cervantes
Pitching: LHP Sebastián Cervantes
Batting: RHB Alfredo Farías 0-0: Called Strike
0-1: Called Strike
0-2: Foul Ball, location: 2F
0-2: Ball
1-2: Foul Ball, location: 2F
1-2: Ball
2-2: Foul Ball, location: 2F
2-2: Strikes out looking
Batting: RHB José Vidal 0-0: Ball
1-0: DOUBLE (Line Drive, 9LM)
Batting: RHB Enrique Soto 0-0: Fly out, F7 (Flyball, 7)
Batting: RHB Vincent Braun 0-0: Foul Ball, location: 2F
0-1: Foul Ball, location: 2F
0-2: Ball
1-2: Ball
2-2: Ball
3-2: Base on Balls
Batting: RHB Leonard Harris 0-0: Swinging Strike
0-1: Called Strike
0-2: Ball
1-2: Ball
2-2: Ball
3-2: Base on Balls
José Vidal to third
Vincent Braun to second
Batting: LHB Carlos Valentín 0-0: Ball
1-0: Ball
2-0: Ball
3-0: Foul Ball, location: 2F
3-1: Fly out, F9 (Flyball, 9)
Bottom of the 1st over - 0 run(s), 1 hit(s), 0 error(s), 3 left on base; Culver City 1 - Bismark 0
TOP OF THE 2ND
Culver City Extras batting - Pitching for Bismark Border Guards : RHP Miguel Valenzuela
Batting: LHB Tony Smith 0-0: Ball
1-0: Foul Ball, location: 2F
1-1: Called Strike
1-2: Foul Ball, location: 2F
1-2: Fly out, F6 (Popup, 6S)
Batting: LHB Richard Bell 0-0: Called Strike
0-1: Ball
1-1: Fly out, F7 (Flyball, 7S)
Batting: RHB Eugene Booth 0-0: Ball
1-0: Ball
2-0: Foul Ball, location: 2F
2-1: Swinging Strike
2-2: Foul Ball, location: 2F
2-2: Ball
3-2: Ground out 6-3 (Groundball, 6)
Top of the 2nd over - 0 run(s), 0 hit(s), 0 error(s), 0 left on base; Culver City 1 - Bismark 0
BOTTOM OF THE 2ND
Bismark Border Guards batting - Pitching for Culver City Extras : LHP Sebastián Cervantes
Batting: LHB Manuel Pérez 0-0: Foul Ball, location: 2F
0-1: Called Strike
0-2: Ground out 3-1 (Groundball, 34)
Batting: RHB Cipriano Baca 0-0: Called Strike
0-1: Ball
1-1: Foul Ball, location: 2F
1-2: Ball
2-2: Ball
3-2: Foul Ball, location: 2F
3-2: DOUBLE (Line Drive, 8LD)
Batting: RHB Ricardo Ruíz 0-0: Called Strike
0-1: Ball
1-1: Ground out 3-1 (Groundball, 3D)
Cipriano Baca to third
Batting: RHB Alfredo Farías 0-0: Fly out, F7 (Flyball, 7LM)
Bottom of the 2nd over - 0 run(s), 1 hit(s), 0 error(s), 1 left on base; Culver City 1 - Bismark 0
TOP OF THE 3RD
Culver City Extras batting - Pitching for Bismark Border Guards : RHP Miguel Valenzuela
Batting: RHB Shawn Gutiérrez 0-0: Ball
1-0: Swinging Strike
1-1: Called Strike
1-2: Ball
2-2: Strikes out looking
Batting: RHB Augusto Trevino 0-0: Called Strike
0-1: Foul Ball, location: 2F
0-2: Ball
1-2: Ball
2-2: Strikes out swinging
Batting: RHB Horace Johnson 0-0: Called Strike
0-1: SINGLE (Flyball, 7S)
Batting: SHB Juan Carlos Mesa 0-0: Called Strike
0-1: Called Strike
0-2: Ball
Horace Johnson steals 2nd base
1-2: Ball
2-2: Strikes out looking
Top of the 3rd over - 0 run(s), 1 hit(s), 0 error(s), 1 left on base; Culver City 1 - Bismark 0
BOTTOM OF THE 3RD
Bismark Border Guards batting - Pitching for Culver City Extras : LHP Sebastián Cervantes
Batting: RHB José Vidal 0-0: Ball
1-0: Ball
2-0: Foul Ball, location: 2F
2-1: Ball
3-1: Base on Balls
Batting: RHB Enrique Soto 0-0: Ball
José Vidal is caught stealing 2nd base
1-0: SOLO HOME RUN (Flyball, 7D), Distance : 365 ft
Batting: RHB Vincent Braun 0-0: Swinging Strike
0-1: Fly out, F8 (Flyball, 8LD)
Batting: RHB Leonard Harris 0-0: Ball
1-0: Ball
2-0: Ball
3-0: Called Strike
3-1: Base on Balls
Batting: LHB Carlos Valentín 0-0: Ball
1-0: Foul Ball, location: 2F
1-1: Fly out, F7 (Flyball, 7)
Bottom of the 3rd over - 1 run(s), 1 hit(s), 0 error(s), 1 left on base; Culver City 1 - Bismark 1
TOP OF THE 4TH
Culver City Extras batting - Pitching for Bismark Border Guards : RHP Miguel Valenzuela
Batting: LHB Randy Wiggins 0-0: Ball
1-0: SINGLE (Flyball, 8LS)
Batting: LHB Collin Smith 0-0: Called Strike
0-1: Ball
1-1: Ball
2-1: TRIPLE (Flyball, 89XD)
Randy Wiggins scores
Batting: LHB Tony Smith 0-0: Swinging Strike
0-1: Ball
1-1: Ball
2-1: Foul Ball, location: 2F
2-2: Strikes out swinging
Batting: LHB Richard Bell 0-0: Ball
1-0: Foul Ball, location: 2F
1-1: Fly out, F8 (Flyball, 8LM)
Runner from 3rd tags up, SCORES, no throw
Batting: RHB Eugene Booth 0-0: Foul Ball, location: 2F
0-1: Swinging Strike
0-2: Ground out U3 (Groundball, 34)
Top of the 4th over - 2 run(s), 2 hit(s), 0 error(s), 0 left on base; Culver City 3 - Bismark 1
BOTTOM OF THE 4TH
Bismark Border Guards batting - Pitching for Culver City Extras : LHP Sebastián Cervantes
Batting: LHB Manuel Pérez 0-0: Ball
1-0: Called Strike
1-1: Foul Ball, location: 2F
1-2: Ball
2-2: Ball
3-2: Base on Balls
Batting: RHB Cipriano Baca 0-0: Called Strike
0-1: Fielders Choice at 2nd, 6-4 (Groundball, 6)
Batting: RHB Ricardo Ruíz 0-0: Hit by Pitch
Cipriano Baca to second
Batting: RHB Alfredo Farías 0-0: Ball
1-0: Ball
2-0: Called Strike
2-1: Foul Ball, location: 2F
2-2: Strikes out swinging
Batting: RHB José Vidal 0-0: Called Strike
0-1: Ball
1-1: Foul Ball, location: 2F
1-2: Strikes out looking
Bottom of the 4th over - 0 run(s), 0 hit(s), 0 error(s), 2 left on base; Culver City 3 - Bismark 1
TOP OF THE 5TH
Culver City Extras batting - Pitching for Bismark Border Guards : RHP Miguel Valenzuela
Batting: RHB Shawn Gutiérrez 0-0: Fly out, F9 (Flyball, 89S)
Batting: RHB Augusto Trevino 0-0: Ball
1-0: Ball
2-0: Foul Ball, location: 2F
2-1: Called Strike
2-2: Foul Ball, location: 2F
2-2: Ball
3-2: Strikes out swinging
Batting: RHB Horace Johnson 0-0: Ball
1-0: Ball
2-0: Foul Ball, location: 2F
2-1: Ball
3-1: Base on Balls
Batting: SHB Juan Carlos Mesa 0-0: Ball
1-0: Ball
2-0: Called Strike
2-1: Foul Ball, location: 2F
2-2: Ball
3-2: SINGLE (Groundball, 3D)
Horace Johnson to second
Horace Johnson to third
Batting: LHB Randy Wiggins 0-0: Called Strike
Juan Carlos Mesa is caught stealing 2nd base
Top of the 5th over - 0 run(s), 1 hit(s), 0 error(s), 0 left on base; Culver City 3 - Bismark 1
BOTTOM OF THE 5TH
Bismark Border Guards batting - Pitching for Culver City Extras : LHP Sebastián Cervantes
Batting: RHB Enrique Soto 0-0: Ball
1-0: Ball
2-0: Ball
3-0: Fly out, F9 (Flyball, 9S)
Batting: RHB Vincent Braun 0-0: Called Strike
0-1: Ball
1-1: Ball
2-1: Called Strike
2-2: Foul Ball, location: 2F
2-2: Foul Ball, location: 2F
2-2: Strikes out swinging
Batting: RHB Leonard Harris 0-0: Called Strike
0-1: Ball
1-1: Ball
2-1: Ball
3-1: Swinging Strike
3-2: Base on Balls
Batting: LHB Carlos Valentín 0-0: Ball
1-0: Ball
2-0: SINGLE (Line Drive, 3D)
Leonard Harris to second
Runner from 2nd tries for 3rd, SAFE, no throw
Pitching: RHP Luis Ramírez
Batting: LHB Manuel Pérez 0-0: Ball
1-0: Foul Ball, location: 2F
1-1: Swinging Strike
1-2: Ball
2-2: Ball
3-2: Base on Balls
Carlos Valentín to second
Batting: RHB Cipriano Baca 0-0: Ball
1-0: Swinging Strike
1-1: Ball
2-1: Fly out, F8 (Line Drive, 8LM)
Bottom of the 5th over - 0 run(s), 1 hit(s), 0 error(s), 3 left on base; Culver City 3 - Bismark 1
TOP OF THE 6TH
Culver City Extras batting - Pitching for Bismark Border Guards : RHP Miguel Valenzuela
Batting: LHB Randy Wiggins 0-0: Called Strike
0-1: Ball
1-1: Swinging Strike
1-2: Ball
2-2: Foul Ball, location: 2F
2-2: Strikes out swinging
Batting: LHB Collin Smith 0-0: Called Strike
0-1: Swinging Strike
0-2: Strikes out swinging
Batting: LHB Tony Smith 0-0: Called Strike
0-1: Ball
1-1: Ball
2-1: Foul Ball, location: 2F
2-2: Foul Ball, location: 2F
2-2: Ground out U3 (Groundball, 34)
Top of the 6th over - 0 run(s), 0 hit(s), 0 error(s), 0 left on base; Culver City 3 - Bismark 1
BOTTOM OF THE 6TH
Bismark Border Guards batting - Pitching for Culver City Extras : RHP Luis Ramírez
Batting: RHB Ricardo Ruíz 0-0: Called Strike
0-1: Ball
1-1: Called Strike
1-2: Strikes out swinging
Batting: RHB Alfredo Farías 0-0: Ball
1-0: Foul Ball, location: 2F
1-1: Ball
2-1: Ball
3-1: Fly out, F7 (Flyball, 7S)
Batting: RHB José Vidal 0-0: Ball
1-0: Ball
2-0: Ball
3-0: Base on Balls
Batting: RHB Enrique Soto 0-0: Ground out 5-3 (Groundball, 56)
Bottom of the 6th over - 0 run(s), 0 hit(s), 0 error(s), 1 left on base; Culver City 3 - Bismark 1
TOP OF THE 7TH
Culver City Extras batting - Pitching for Bismark Border Guards : RHP Miguel Valenzuela
Pitching: RHP Tony Baltazar
Batting: LHB Richard Bell 0-0: Ground out 6-3 (Groundball, 6MS)
Batting: RHB Eugene Booth 0-0: Swinging Strike
0-1: Ball
1-1: Foul Ball, location: 2F
1-2: Ball
2-2: Foul Ball, location: 2F
2-2: Ground out 1-3 (Groundball, 13S)
Batting: RHB Shawn Gutiérrez 0-0: Called Strike
0-1: Ball
1-1: Called Strike
1-2: Strikes out swinging
Top of the 7th over - 0 run(s), 0 hit(s), 0 error(s), 0 left on base; Culver City 3 - Bismark 1
BOTTOM OF THE 7TH
Bismark Border Guards batting - Pitching for Culver City Extras : RHP Luis Ramírez
Now at 3B: Artie Pennington
Batting: RHB Vincent Braun 0-0: Ball
1-0: Ball
2-0: Swinging Strike
2-1: Ball
3-1: Base on Balls
Batting: RHB Leonard Harris 0-0: Ball
1-0: Ball
2-0: Called Strike
2-1: Ball
3-1: Base on Balls
Vincent Braun to second
Pitching: LHP Orlando Morales
Batting: LHB Carlos Valentín 0-0: Called Strike
0-1: Ball
1-1: SINGLE (Groundball, 3D)
Vincent Braun to third
Leonard Harris to second
Runner from 3rd tries for Home, throw and OUT!
Leonard Harris to third
Carlos Valentín to second
Pitching: RHP Alden Parker
Batting: LHB Manuel Pérez 0-0: Called Strike
0-1: Swinging Strike
0-2: Ball
1-2: Ball
2-2: Ball
3-2: Foul Ball, location: 2F
3-2: SINGLE (Groundball, 4D)
Leonard Harris scores
Carlos Valentín to third
Pinch Hitting: SHB Vicente Pagán 0-0: Ball
1-0: Ball
2-0: Called Strike
2-1: Swinging Strike
2-2: Foul Ball, location: 2F
2-2: Ball
Manuel Pérez is caught stealing 2nd base
3-2: Foul Ball, location: 2F
3-2: Base on Balls
Batting: RHB Ricardo Ruíz 0-0: Called Strike
0-1: 3-RUN HOME RUN (Flyball, 78XD), Distance : 411 ft
Batting: RHB Alfredo Farías 0-0: Ball
1-0: Ball
2-0: Called Strike
2-1: Ball
3-1: SINGLE (Groundball, 3L) (infield hit)
Batting: RHB José Vidal 0-0: Called Strike
Alfredo Farías is caught stealing 2nd base
Bottom of the 7th over - 4 run(s), 4 hit(s), 0 error(s), 0 left on base; Culver City 3 - Bismark 5
TOP OF THE 8TH
Culver City Extras batting - Pitching for Bismark Border Guards : RHP Tony Baltazar
Now at 2B: Kelsey Scott
Batting: RHB Augusto Trevino 0-0: Ball
1-0: Ball
2-0: Foul Ball, location: 2F
2-1: Ball
3-1: Called Strike
3-2: Foul Ball, location: 2F
3-2: Foul Ball, location: 2F
3-2: Fly out, F4 (Line Drive, 4)
Batting: RHB Horace Johnson 0-0: Called Strike
0-1: Foul Ball, location: 2F
0-2: Foul Ball, location: 2F
0-2: Foul Ball, location: 2F
0-2: Foul Ball, location: 2F
0-2: Ball
1-2: Foul Ball, location: 2F
1-2: Strikes out swinging
Batting: SHB Juan Carlos Mesa 0-0: Called Strike
0-1: Ball
1-1: SINGLE (Line Drive, 7S)
Pitching: RHP Beau Murphy
Batting: LHB Randy Wiggins 0-0: Ball
1-0: Ball
2-0: SINGLE (Groundball, 6MD)
Juan Carlos Mesa to second
Pinch Hitting: RHB Ramón Molina 0-0: Ball
1-0: Ball
2-0: Called Strike
2-1: Ball
3-1: Base on Balls
Juan Carlos Mesa to third
Randy Wiggins to second
Batting: LHB Tony Smith 0-0: Called Strike
0-1: Swinging Strike
0-2: Ball
1-2: Ball
2-2: Strikes out swinging
Top of the 8th over - 0 run(s), 2 hit(s), 0 error(s), 3 left on base; Culver City 3 - Bismark 5
BOTTOM OF THE 8TH
Bismark Border Guards batting - Pitching for Culver City Extras : RHP Alden Parker
Now in RF: Cooper Richard
Batting: RHB José Vidal 0-0: Called Strike
0-1: Ball
1-1: Foul Ball, location: 2F
1-2: Fly out, F7 (Line Drive, 7LS)
Batting: RHB Enrique Soto 0-0: Ball
1-0: SINGLE (Groundball, 6) (infield hit)
Batting: RHB Vincent Braun 0-0: Swinging Strike
0-1: Ball
1-1: Fly out, F9 (Flyball, 9LSF)
Batting: RHB Leonard Harris 0-0: Ball
1-0: Ball
2-0: SINGLE (Groundball, 56D)
Enrique Soto to second
Batting: LHB Carlos Valentín 0-0: Called Strike
0-1: Ground out 1-3 (Groundball, P)
Bottom of the 8th over - 0 run(s), 2 hit(s), 0 error(s), 2 left on base; Culver City 3 - Bismark 5
TOP OF THE 9TH
Culver City Extras batting - Pitching for Bismark Border Guards : RHP Beau Murphy
Pitching: RHP César Rodríguez
Batting: RHB Artie Pennington 0-0: Ball
1-0: Called Strike
1-1: Called Strike
1-2: Ground out 4-3 (Groundball, 4)
Batting: RHB Eugene Booth 0-0: Ball
1-0: Ball
2-0: Swinging Strike
2-1: Ball
3-1: Foul Ball, location: 2F
3-2: Strikes out swinging
Batting: RHB Shawn Gutiérrez 0-0: Foul Ball, location: 2F
0-1: Called Strike
0-2: Ball
1-2: Foul Ball, location: 2F
1-2: Foul Ball, location: 2F
1-2: Foul Ball, location: 2F
1-2: Ball
2-2: Foul Ball, location: 2F
2-2: Ball
3-2: Foul Ball, location: 2F
3-2: Foul Ball, location: 2F
3-2: Strikes out swinging
Top of the 9th over - 0 run(s), 0 hit(s), 0 error(s), 0 left on base; Culver City 3 - Bismark 5
Tuesday, August 8th, 2017 - OOTP Baseball 17.12 Build 75